 Dungeon Crawl Stone Soup version 0.21-a0-621-gc60411f (webtiles) character file.

74 slep the Slasher (level 4, -1/23 HPs)
             Began as a Vine Stalker Gladiator on Dec 23, 2017.
             Slain by a gnoll
             ... wielding a +0 flail
              (5 damage)
             ... on level 3 of the Dungeon on Dec 24, 2017.
             The game lasted 00:04:31 (1091 turns).

slep the Slasher (Vine Stalker Gladiator)           Turns: 1091, Time: 00:04:36

Health: -1/23      AC:  4    Str: 17    XL:     4   Next: 30%
Magic:  0/5        EV: 13    Int:  8    God:
Gold:   101        SH:  0    Dex: 16    Spells: 3/3 levels left

rFire    + . .     SeeInvis .   a - +0 long sword
rCold    . . .     Gourm    .   (no shield)
rNeg     . . .     Faith    .   m - +0 robe {rF+}
rPois    .         Spirit   +   c - +0 helmet
rElec    .         Reflect  .   (no cloak)
rCorr    .         Harm     .   l - +0 pair of gloves
MR       .....     Rnd*Tele +   (no boots)
Stlth    +.........             (no amulet)
HPRegen  0.47/turn              k - ring of teleportation (curse)
MPRegen  0.09/turn              (no ring)

@: no status effects
A: fangs 2, regeneration 1, magic shield, antimagic bite, no potion heal 3, rot
immunity
a: no special abilities


You were on level 3 of the Dungeon.
You were hungry.

You visited 1 branch of the dungeon, and saw 3 of its levels.

You collected 101 gold pieces.

Inventory:

Hand Weapons
 a - a +0 long sword (weapon)
Missiles
 d - 3 throwing nets (quivered)
Armour
 b - a +0 leather armour
 c - a +0 helmet (worn)
 l - a +0 pair of gloves (worn)
 m - a +0 robe of fire resistance (worn)
Jewellery
 k - a cursed ring of teleportation (left hand)
Scrolls
 e - 3 scrolls of identify {unknown}
 g - a scroll of immolation {unknown}
 i - a scroll of magic mapping {unknown}
 j - 2 scrolls of teleportation {unknown}
Potions
 h - 2 potions of agility {unknown}
Comestibles
 f - 4 rations


   Skills:
 + Level 2.5 Fighting
 + Level 3.2 Long Blades
 + Level 1.8 Throwing
 + Level 0.7 Armour
 + Level 3.0 Dodging


You had 3 spell levels left.
You didn't know any spells.

Dungeon Overview and Level Annotations

Branches:
Dungeon (3/15)

Altars:

Annotations:
D:2 Sigmund
D:3 Jessica


Innate Abilities, Weirdness & Mutations

You have extremely sharp teeth.
Your natural rate of healing is unusually fast.
When hurt, damage is shared between your health and your magic reserves.
Your bite disrupts and absorbs the magic of your enemies.
Potions cannot restore your health.
You are immune to rotting.


Message History

You hit the gnoll. You bite the gnoll, but do no damage.
The gnoll is heavily wounded.
The gnoll closely misses you. The gnoll misses you.
The gnoll closely misses you.
Jessica the Apprentice Sorceress comes into view.
She is wielding an enchanted club.
You closely miss the gnoll. You bite the gnoll. You drain its power.
The gnoll is severely wounded.
The gnoll closely misses you. The gnoll hits you with a flail!
You hit the gnoll but do no damage.
The gnoll is severely wounded.
The gnoll closely misses you.
You riposte.
You hit the gnoll.
You kill the gnoll!
The gnoll barely misses you.
You slash the gnoll! You bite the gnoll, but do no damage.
The gnoll is heavily wounded.
Jessica gestures at you while chanting. Pain shoots through your body!
* * * LOW HITPOINT WARNING * * *
The gnoll hits you with a flail.
You die...

#........#
#........#
#....@...#
#........#
#........#
#........#
#..g)....###
#...@......#
#.#.####)#####.###
.>................
#.................
#.#........#.#.##
.....#.###.# #
#.##.#. #.<# # #
#. #..# #. #..#


You could see a gnoll and Jessica.

Vanquished Creatures
  2 gnolls (D:3)
  2 adders (D:2)
  A worm (D:2)
  3 dart slugs (D:1)
  A leopard gecko (D:1)
  A giant cockroach (D:1)
  4 goblins
  6 hobgoblins (D:1)
  3 bats (D:1)
  A frilled lizard (D:1)
  3 kobolds (D:1)
  2 rats (D:2)
29 creatures vanquished.

Notes
Turn   | Place    | Note
-------+----------+-------------------------------------------
     0 | D:1      | slep the Vine Stalker Gladiator began the quest for the Orb.
     0 | D:1      | Reached XP level 1. HP: 11/11 MP: 2/2
   105 | D:1      | Reached XP level 2. HP: 7/15 MP: 3/3
   380 | D:1      | Reached XP level 3. HP: 14/18 MP: 4/4
  1063 | D:2      | Noticed Sigmund
  1085 | D:3      | Gained mutation: Your natural rate of healing is unusually fast. [Vine Stalker growth]
  1085 | D:3      | Reached XP level 4. HP: 18/23 MP: 5/5
  1089 | D:3      | Noticed Jessica
  1091 | D:3      | Slain by a gnoll

Vault maps used:
D:1:      co_arrival_random_square_maze
D:2:      uniq_sigmund
D:3:      nicolae_overflow_crystal_walls, first_ration, minmay_curled_crystal,
          uniq_jessica, uniq_terence

Skill      XL: |  1  2  3 |
---------------+----------+-----
Fighting       | 2 |  2.5
Long Blades    | 3 |  3.2
Dodging        | 3 |  3.0
Throwing       | |  1.8
Armour         | |  0.7

Action                   |  1- 3 |  4- 6 || total
-------------------------+-------+-------++-------
Melee: Long sword        |    57 |     4 ||    61
       Bite              |    23 |     3 ||    26
Armor: Leather armour    |    11 |       ||    11
       Robe              |     1 |       ||     1
Dodge: Dodged            |    41 |     6 ||    47
       Rpst.: Long sword |    13 |     1 ||    14

Table legend:
 A = Spawn XP
 B = Non-spawn XP
 C = Spawn XP percentage of total XP
 D = Spawn monster count
 E = Non-spawn monster count
 F = Spawn count percentage of total count
 G = Total turns spent on level
                    A         B        C        D         E        F      G
               +---------+---------+-------+---------+---------+-------+---------
         Total |       0 |     107 |   0.0 |       0 |      29 |   0.0 |  1091
               +---------+---------+-------+---------+---------+-------+---------
           D:1 |       0 |      42 |   0.0 |       0 |      20 |   0.0 |   649
           D:2 |       0 |      37 |   0.0 |       0 |       7 |   0.0 |   424
           D:3 |       0 |      28 |   0.0 |       0 |       2 |   0.0 |    18
               +---------+---------+-------+---------+---------+-------+---------
